AoeStats
← oslepov1

Arabia

510580474Analyzed
1v1 RM · 19h ago on Oct 1, 2026· 41m 30s· 2 players
Game mode
Random Map
Map size
Tiny (2 player)
Population
200
Speed
Normal
Resources
Standard
Victory
Conquest
Starting age
Dark Age
Ending age
Imperial Age
RankedLock teamsTeams togetherTeam positionsShared explorationLock speedFull tech treeHidden civsTurbo modeCheats
Victory
Defeat
🇫🇷 Franks · France
508
+15
🇬🇧 Lithuanians · United Kingdom
476
-24
oslepov1
10:30 Feudal Age
9:17 Loom
10:06 Loom
17:32 Castle Age
15:52 Double-Bit Axe
15:49 Horse Collar
18:19 Pikeman
19:15 Scale Barding Armor
21:38 Bow Saw
25:24 Husbandry
25:41 Bloodlines
26:05 Forging
29:44 Squires
32:53 Gold Mining
33:10 Heavy Plow
33:46 Chain Barding Armor
34:02 Iron Casting
33:34 Scale Mail Armor
37:24 Chain Mail Armor
noterre
10:26 Feudal Age
11:46 Double-Bit Axe
19:23 Wheelbarrow
23:01 Castle Age
21:05 Man-at-Arms
24:10 Hand Cart
24:32 Bow Saw
25:10 Squires
28:41 Ordonnance Companies
35:52 Imperial Age
33:12 Town Watch
33:13 Loom
33:25 Gold Mining
33:54 Town Patrol
34:11 Husbandry
35:00 Gambesons
35:38 Stone Mining
35:31 Long Swordsman
37:58 Cranequins
40:20 Scale Barding Armor
40:06 Fletching
40:24 Chivalry
Connection lost

Rejoining the realm…

Still unreachable

The connection could not be restored.

Session expired

The server has moved on; the page needs a fresh start.